 Dungeon Crawl Stone Soup version 0.31-a0-182-gc5ef74bbde (webtiles) character file.

Game seed: 3497767498125680686

644 qw the Chopper (level 7, -3/43 HPs)
             Began as a Gargoyle Fighter on June 21, 2023.
             Was an Initiate of Okawaru.
             Slain by Duvessa
             ... wielding a +0 short sword
              (5 damage)
             ... on level 5 of the Dungeon.
             The game lasted 00:01:44 (3752 turns).

qw the Chopper (Gargoyle Fighter)                   Turns: 3752, Time: 00:01:45

Health: -3/43      AC: 17    Str: 22    XL:     7   Next: 52%
Magic:  7/7        EV:  6    Int:  8    God:    Okawaru [......]
Gold:   1400       SH:  4    Dex:  9    Spells: 6/6 levels left

rFire   . . .        Y - +0 war axe
rCold   . . .        c - +0 buckler
rNeg    + . .        h - +0 plate armour
rPois   inf          (no helmet)
rElec   +            (no cloak)
rCorr   .            f - +0 pair of gloves
SInv    .            (no boots)
Will    .....        (no amulet) Stlth
                     (no ring)
HPRegen 0.27/turn    (no ring)
MPRegen 0.10/turn

%: no passive effects
@: no status effects
A: sickness immunity, AC +4, negative energy resistance 1, electricity
resistance, torment resistance 1, petrification resistance
a: Renounce Religion


You were on level 5 of the Dungeon.
You worshipped Okawaru.
Okawaru was noncommittal.
You visited 2 branches of the dungeon, and saw 6 of its levels.

You collected 1400 gold pieces.


Innate Abilities, Weirdness & Mutations

You are immune to sickness and miasma.
Your stone body is resilient. (AC +4)
You are immune to poison.
You resist negative energy. (rN+)
You are resistant to electric shocks. (rElec)
You are resistant to unholy torment.
You are immune to petrification.


   Skills:
 - Level 4.0 Fighting
 + Level 6.8 Axes
 - Level 4.2 Armour
 - Level 3.2 Shields


You had 6 spell levels left.
You didn't know any spells.
Your spell library was empty.

Inventory:

Hand Weapons
 k - a +2 heavy mace
 Y - a +0 war axe (weapon)
Missiles
 j - 4 boomerangs (quivered)
Armour
 c - a +0 buckler (worn)
 f - a +0 pair of gloves (worn)
 h - a +0 plate armour (worn)
Jewellery
 e - an amulet of guardian spirit
 n - a +6 ring of dexterity
Scrolls
 l - a scroll of identify
Potions
 a - 2 potions of curing
 b - 2 potions of haste {unknown}
 d - a potion of might
 g - a potion of attraction {unknown}
 i - a potion of degeneration {unknown}
 m - a potion of lignification {unknown}

Dungeon Overview and Level Annotations

Branches:
Dungeon (5/15)             Temple (1/1) D:5

Altars:
Cheibriados
Elyvilon
Fedhas
Gozag
Hepliaklqana
Okawaru
Sif Muna
Uskayaw
Vehumet
Wu Jian
Xom

Annotations:
D:3 3 runed translucent doors, qw's ghost, amateur NaHu
D:5 Duvessa


Message History

Dowan is almost dead.
Dowan hits you but does no damage.
Duvessa, Sister of Dowan comes into view.
She is wielding a +0 short sword.
You closely miss Dowan.
Dowan is almost dead.
Dowan smirks and points a slender finger.
Dowan hits you with a +0 dagger.
You completely miss Dowan.
Dowan is almost dead.
Dowan hits you but does no damage.
You slash Dowan!
You kill Dowan!
Okawaru accepts your kill.
Duvessa screams, "No!
How DARE you!"
Duvessa goes berserk!
Duvessa rages.
You throw a boomerang. The boomerang closely misses Duvessa.
You barely miss Duvessa.
Duvessa hits you with a +0 short sword! x2
You closely miss Duvessa. Duvessa hits you but does no damage.
You slash Duvessa!
Duvessa is lightly wounded.
Duvessa hits you but does no damage. x2
You barely miss Duvessa.
Duvessa is lightly wounded.
Duvessa barely misses you. Duvessa hits you but does no damage.
You closely miss Duvessa.
Duvessa is lightly wounded.
Duvessa closely misses you.
You slash Duvessa!
Duvessa is heavily wounded.
Duvessa hits you with a +0 short sword. You block Duvessa's attack.
You barely miss Duvessa.
Duvessa is heavily wounded.
Duvessa hits you with a +0 short sword. You block Duvessa's attack.
You slash Duvessa!
Duvessa is heavily wounded.
Duvessa hits you with a +0 short sword! Duvessa hits you with a +0 short sword.
You die...

.#######.# ..#
.......#.# #..
.....#.#.# #.#
####.#.#.# #.#
####'#+#'###.#
#.........##.#
..........##.#######
#.#.#.#...'........#
..........##.###@.)#
#.#.#..#+###...+e).#
.......# #####...#
#.#..#.# #...#
.....#+# ....#
#..... .#### ..... .
#.... .. #....


You could see Duvessa (berserk).

Vanquished Creatures
  An ice beast (D:4)
  An ogre (D:5)
  A phantom (D:5)
  A scorpion (D:5)
  Dowan (D:5)
  A hound (D:3)
  An iguana (D:5)
  Ijyb (D:2)
  Terence (D:2)
  A sleepcap (D:5)
  5 adders
  2 worms (D:3)
  5 dart slugs
  5 orcs
  7 endoplasms
  A giant cockroach (D:1)
  17 goblins
  6 hobgoblins
  6 jackals
  4 kobolds (D:1)
  2 quokkas
  5 ball pythons
  5 bats
  8 rats
88 creatures vanquished.

Notes
Turn   | Place    | Note
-------+----------+-------------------------------------------
     0 | D:1      | qw the Gargoyle Fighter began the quest for the Orb.
     0 | D:1      | Reached XP level 1. HP: 14/14 MP: 1/1
     0 | D:1      | 0 ||| qw: Version: 0.3-a-9-g12657ce
     0 | D:1      | 0 ||| qw: Game counter: 1565
     0 | D:1      | 0 ||| qw: Always use a shield: true
     0 | D:1      | 0 ||| qw: God list: Okawaru
     0 | D:1      | 0 ||| qw: Allow faded altars: false
     0 | D:1      | 0 ||| qw: Do Orc after D:15 true
     0 | D:1      | 0 ||| qw: Do second Lair branch before Depths: true
     0 | D:1      | 0 ||| qw: Lair rune preference: random
     0 | D:1      | 0 ||| qw: Plans: Normal, Zot:1-4, Slime:5, God:TSO, Crypt,
                  | Tomb, Abyss, Pan, Hells, Win
     0 | D:1      | 0 ||| PLANNING D:1-11
     4 | D:1      | 4 ||| Stepping ~*~*~tactically~*~*~ (water).
     8 | D:1      | Reached skill level 2 in Axes
    20 | D:1      | 20 ||| DROPPING +0 club.
    46 | D:1      | 46 ||| Stepping ~*~*~tactically~*~*~ (hiding).
    77 | D:1      | 77 ||| Stepping ~*~*~tactically~*~*~ (stealth).
   102 | D:1      | Reached XP level 2. HP: 17/19 MP: 2/2
   626 | D:1      | Reached skill level 3 in Axes
   699 | D:1      | Reached XP level 3. HP: 22/23 MP: 3/3
  1093 | D:1      | 1093 ||| DROPPING orb of wrath.
  1094 | D:1      | 1094 ||| UPGRADING to amulet of guardian spirit.
  1099 | D:1      | 1099 ||| READING 2 scrolls labelled HATWIN PEYBI.
  1100 | D:1      | 1100 ||| READING scroll labelled IHA CYIN AFUCOVE.
  1101 | D:1      | 1101 ||| DROPPING scroll of fear.
  1281 | D:2      | Reached XP level 4. HP: 27/28 MP: 4/4
  1390 | D:2      | Reached skill level 4 in Axes
  1454 | D:2      | 1454 ||| Stepping ~*~*~tactically~*~*~ (hiding).
  1455 | D:2      | Noticed Terence
  1459 | D:2      | Killed Terence
  1558 | D:2      | Noticed Ijyb
  1574 | D:2      | HP: 5/28 [Ijyb/puff of flame (6)]
  1578 | D:2      | HP: 2/28 [Ijyb/+4 dagger of venom (2)]
  1579 | D:2      | Killed Ijyb
  1580 | D:2      | Reached XP level 5. HP: 2/32 MP: 2/5
  1709 | D:2      | 1709 ||| READING scroll labelled TAUG HARCHUOD.
  1710 | D:2      | 1710 ||| READING scroll labelled VEXTIA ALENEAKK.
  1711 | D:2      | 1711 ||| READING scroll labelled VEALIJOIZO.
  1711 | D:2      | Identified a scroll of acquirement
  1711 | D:2      | 1711 ||| ACQUIRING 1186 gold pieces
  1711 | D:2      | Acquired 1186 gold pieces
  1713 | D:2      | 1713 ||| READING scroll labelled ASAOK ADDATHA.
  1735 | D:3      | Reached skill level 5 in Axes
  1841 | D:3      | 1841 ||| FLEEEEING.
  1923 | D:3      | Found a runed translucent gate.
  1965 | D:3      | Found a runed translucent gate.
  1965 | D:3      | Found a runed translucent gate.
  1966 | D:3      | Noticed qw's ghost (amateur NaHu)
  1968 | D:3      | Identified the +8 short sword of Zin's Supremacy {flame,
                  | Will++ Str-5 Stlth+}
  2240 | D:3      | 2240 ||| DROPPING +0 whip.
  2526 | D:3      | 2526 ||| UPGRADING to +0 plate armour.
  2536 | D:3      | 2536 ||| DROPPING +0 scale mail.
  2739 | D:4      | Noticed an ice beast
  2748 | D:4      | Killed an ice beast
  2749 | D:4      | Reached XP level 6. HP: 38/38 MP: 6/6
  3190 | D:4      | 3190 ||| UPGRADING to +0 pair of gloves.
  3195 | D:4      | 3195 ||| DRINKING 3 emerald potions.
  3215 | D:5      | Entered Level 5 of the Dungeon
  3222 | D:5      | Reached skill level 6 in Axes
  3319 | D:5      | Found a staircase to the Ecumenical Temple.
  3320 | D:5      | 3320 ||| PLANNING TEMPLE
  3328 | Temple   | Entered the Ecumenical Temple
  3329 | Temple   | 3329 ||| PLANNING OKAWARU WORSHIP
  3333 | Temple   | Became a worshipper of Warmaster Okawaru
  3334 | Temple   | 3334 ||| PLANNING D:1-11
  3334 | Temple   | 3334 ||| REMOVING amulet of guardian spirit.
  3424 | D:5      | Reached XP level 7. HP: 40/43 MP: 7/7
  3507 | D:5      | Found a hide-covered altar of Uskayaw.
  3614 | D:5      | 3614 ||| Stepping ~*~*~tactically~*~*~ (stealth).
  3615 | D:5      | 3615 ||| Stepping ~*~*~tactically~*~*~ (stealth).
  3665 | D:5      | 3665 ||| Stepping ~*~*~tactically~*~*~ (stealth).
  3667 | D:5      | 3667 ||| Stepping ~*~*~tactically~*~*~ (hiding).
  3726 | D:5      | Noticed Dowan
  3727 | D:5      | 3727 ||| Stepping ~*~*~tactically~*~*~ (hiding).
  3729 | D:5      | 3729 ||| Stepping ~*~*~tactically~*~*~ (hiding).
  3740 | D:5      | Noticed Duvessa
  3743 | D:5      | Killed Dowan
  3751 | D:5      | HP: 10/43 [Duvessa/+0 short sword (5)]
  3752 | D:5      | HP: 2/43 [Duvessa/+0 short sword (8)]
  3752 | D:5      | Slain by Duvessa

Levels and vault maps discovered:
D:1:      dpeg_arrival_subterranean_lakeside_camping, layout_basic
D:2:      kennysheep_the_goblin_king, layout_rooms, uniq_terence
D:3:      layout_basic, biasface_ghost_orc_armoury,
          chequers_serial_rivers_room_a
D:4:      layout_basic
D:5:      layout_basic, nicolae_uskayaw_murder_on_the_dancefloor,
          amethyst_overflow_temple_binary, minmay_temple_entry_slanted,
          serial_curves, eino_curves_02, eino_curves_01, eino_curves_02,
          hangedman_decor_riveting, dreamdust_mushroom_princess,
          minmay_misc_feat_ornament, glass_columns_b, uniq_duvessa
Temple:   hellmonk_temple_micro_hex

Skill      XL: |  1  2  3  4  5  6  7 |
---------------+----------------------+-----
Axes           | 2 3 4 5 6 |  6.8
Fighting       | 4 |  4.0
Armour         | 4 |  4.2
Shields        | |  3.2

Action                     |  1- 3 |  4- 6 |  7- 9 || total
---------------------------+-------+-------+-------++-------
  Melee: War axe           |    87 |   112 |    50 ||   249
  Throw: Boomerang         |       |    30 |     9 ||    39
    Use: Scroll            |     2 |     4 |       ||     6
         Potion            |       |     1 |       ||     1
 Armour: Scale mail        |    35 |    44 |       ||    79
         Plate armour      |       |    10 |    36 ||    46
  Dodge: Dodged            |    38 |    46 |    13 ||    97
  Block: Buckler           |     8 |    22 |     5 ||    35

Table legend:
 A = Non-vault XP
 B = Vault XP
 C = Vault XP percentage of total XP
 D = Non-vault monster count
 E = Vault monster count
 F = Vault count percentage of total count
                 A         B        C        D         E       F
            +---------+---------+-------+---------+---------+-------
      Total |     755 |     166 |  18.0 |      73 |      15 |  17.0
            +---------+---------+-------+---------+---------+-------
        D:1 |      27 |       9 |  25.0 |      17 |       6 |  26.1
        D:2 |      71 |      84 |  54.2 |      17 |       8 |  32.0
        D:3 |     108 |       0 |   0.0 |      20 |       0 |   0.0
        D:4 |     158 |       0 |   0.0 |       9 |       0 |   0.0
        D:5 |     391 |      73 |  15.7 |      10 |       1 |   9.1
            +---------+---------+-------+---------+---------+-------
